Map: Acid Plant LE

Players

broutozor

  • Race: Protoss Protoss
  • League: Platinum
  • Spawn Location: 5:00

axu - Winner!

  • Race: Protoss Protoss
  • League: Platinum
  • Spawn Location: 11:00

VOD

Have the link to the VOD?

Description

Time

  • Played on: March 30, 2018, 10:48 a.m.
  • Length: 1:38
Show
View Real Time Build Order
Export as new Build Order

broutozor Protoss 

Build Orders:  

Get SALT Encoding   

  12  0:00  Probe (Chrono Boost)  
  13  0:15  Pylon  
  13  0:17  Probe (Chrono Boost)  
  14  0:27  Probe  
  15  0:37  Forge  
  15  0:40  Probe  
  16  0:54  Pylon  
  16  0:56  Probe  
  17  1:01  Pylon  
  17  1:08  Pylon  
Show
View Real Time Build Order
Export as new Build Order

axu Protoss - Winner!

Build Orders:  

Get SALT Encoding   

  12  0:00  Probe  
  13  0:13  Probe  
  14  0:18  Pylon  
  14  0:25  Probe  
  15  0:38  Probe  
  15  0:40  Gateway  
  16  0:44  Gateway  
  16  0:51  Probe  
  17  1:14  Gateway  
  17  1:22  Assimilator  
  17  1:27  Assimilator  
Tags
 
Add a new tag
Caveats
  • Supply blocks, unpowered buildings, or Contaminate may cause inaccurate times.
  • Supply counts are checked every 10 seconds.